 Dungeon Crawl Stone Soup version 0.22-a0-367-gb72a975 (webtiles) character file.

119515 khargal the Peltast (level 16, -3/130 HPs)
             Began as a Deep Dwarf Fighter on Apr 22, 2018.
             Was the Champion of Makhleb.
             Slain by a seven-headed hydra simulacrum (33 damage)
             ... on level 4 of the Swamp.
             The game lasted 01:19:04 (20809 turns).

khargal the Peltast (Deep Dwarf Fighter)           Turns: 20809, Time: 01:19:05

Health: -3/130     AC: 27    Str: 26    XL:     16   Next: 28%
Magic:  3/3        EV:  4    Int:  8    God:    Makhleb [******]
Gold:   1038       SH: 33    Dex: 16    Spells: 15/15 levels left

rFire    + . .     SeeInvis .   h - +3 war axe (flame)
rCold    . . .     Gourm    .   e - +10 large shield of Ignorance {rN+ Int-4}
rNeg     + + .     Faith    .   k - +3 crystal plate armour
rPois    +         Spirit   .   (no helmet)
rElec    .         Reflect  .   K - scarf {cloud immunity}
rCorr    .         Harm     .   u - +0 pair of gloves
MR       ++...                  Q - +0 pair of boots
Stlth    ..........             (no amulet)
HPRegen  0.00/turn              C - ring of poison resistance
MPRegen  0.08/turn              I - +2 ring of strength

@: non-regenerating
A: damage resistance, heal wounds, thin skeletal structure 1, fire resistance 1,
negative energy resistance 1, sense surroundings 2, strong 1, no regeneration
a: Heal Wounds, Minor Destruction, Lesser Servant of Makhleb, Major Destruction,
Greater Servant of Makhleb, Renounce Religion


You were on level 4 of the Swamp.
You worshipped Makhleb.
Makhleb was exalted by your worship.
You were not hungry.

You visited 5 branches of the dungeon, and saw 23 of its levels.

You collected 2434 gold pieces.
You spent 1396 gold pieces at shops.

Inventory:

Hand Weapons
 h - a +3 war axe of flaming (weapon)
 o - the +6 long sword of Cowardice {chaos, SInv}
   (You found it on level 4 of the Dungeon)

   Each time it hits an enemy it has a different, random effect.
   It lets you see invisible.
 y - a +5 war axe of chopping
Missiles
 i - 4 throwing nets (quivered)
Armour
 a - a +1 cloak of magic resistance
 e - the +10 large shield of Ignorance (worn) {rN+ Int-4}
   (You found it on level 6 of the Dungeon)

   It affects your intelligence (-4).
   It protects you from negative energy.
 k - a +3 crystal plate armour (worn)
 u - a +0 pair of gloves (worn)
 A - the +0 chain mail of Lamoc {rElec rPois Int+3}
   (You found it on level 1 of the Swamp)

   It affects your intelligence (+3).
   It insulates you from electricity.
   It protects you from poison.
 K - a scarf of cloud immunity (worn)
 Q - a +0 pair of boots (worn)
Magical Staves
 p - an uncursed staff of power
 R - an uncursed staff of energy
Jewellery
 n - the ring of Ydifunk {rPois Stlth-}
   (You found it on level 1 of the Swamp)

   [ring of loudness]

   It protects you from poison.
   It makes you less stealthy.
 C - a ring of poison resistance (left hand)
 I - a +2 ring of strength (right hand)
Wands
 c - a wand of enslavement (23)
 r - a wand of disintegration (30)
 s - a wand of clouds (7)
 v - a wand of flame (91)
 z - a wand of acid (9)
 G - a wand of scattershot (5)
 M - a wand of iceblast (11)
 O - a wand of digging (13)
Scrolls
 b - 3 scrolls of remove curse
 j - 16 scrolls of teleportation
 w - 6 scrolls of amnesia
 x - a scroll of blinking
 D - a scroll of fear
 F - a scroll of magic mapping
 H - a scroll of brand weapon
 J - a scroll of fog
 S - 3 scrolls of identify
Potions
 d - 3 potions of might
 l - 6 potions of curing
 m - 4 potions of haste
 q - 2 potions of flight
 t - 7 potions of brilliance
 B - a potion of agility
 E - a potion of cancellation
Miscellaneous
 L - a box of beasts
 P - a lamp of fire
Comestibles
 f - 42 rations


   Skills:
 - Level 5.0 Fighting
 - Level 2.6 Long Blades
 + Level 17.2 Axes
 + Level 11.6 Armour
 + Level 18.7 Shields
 * Level 15.8 Invocations


You had 15 spell levels left.
You didn't know any spells.

Dungeon Overview and Level Annotations

Branches:
Dungeon (10/15)            Temple (1/1) D:5            Lair (6/6) D:10
  Swamp (4/4) Lair:3        Snake (0/4) Lair:4        Slime (0/5) Lair:6
    Orc (2/2) D:10            Elf (0/3) Orc:2

Altars:
Ashenzari
Cheibriados
Dithmenos
Elyvilon
Fedhas
Gozag
Hepliaklqana
Kikubaaqudgha
Makhleb
Nemelex Xobeh
Okawaru
Qazlal
Ru
Sif Muna
Trog
Uskayaw
Vehumet
Wu Jian
Xom
Yredelemnul
Zin
The Shining One
Beogh

Shops:
Orc:1 }   Orc:2 *([(


Innate Abilities, Weirdness & Mutations

You are resistant to damage.
You can heal yourself by infusing magical energy.
You resist negative energy. (rN+)
You passively map the area around you.
You do not regenerate.
You have a somewhat thin skeletal structure. (Dex +2, Stealth)
Your flesh is heat resistant. (rF+)
Your muscles are strong. (Str +2)


Message History

Press: ? - help, Shift-Dir - straight line, f - ice dragon
Aim: an ice dragon (heavily wounded, catching its breath)
The bolt of negative energy hits the seven-headed hydra simulacrum.
The seven-headed hydra simulacrum completely resists.
The bolt of negative energy hits the ice dragon.
The ice dragon is drained!
The ice dragon is severely wounded.
You block the seven-headed hydra simulacrum's attack.
The seven-headed hydra simulacrum bites you.
The seven-headed hydra simulacrum freezes you!!
* * * LOW HITPOINT WARNING * * *
The seven-headed hydra simulacrum bites you but does no damage. x2
You block the seven-headed hydra simulacrum's attack. x2
The seven-headed hydra simulacrum bites you but does no damage.
You feel much better.
You block the seven-headed hydra simulacrum's attack. x2
The seven-headed hydra simulacrum bites you.
* * * LOW HITPOINT WARNING * * *
The seven-headed hydra simulacrum freezes you!!
You die...

##♣.##
♣≈≈≈♣.
*,
#...##*
**
###..#
** * ,
##..##
* * * *
#..♣# ≈
* #..#
,,*
#..#
#..## ≈
,
##@2#*
≈ ##ZD#
* ≈
#♣D#*
**≈≈ ≈


DZZ ≈ * * * ≈ ≈§§≈ ≈ * *≈ ,≈§§§.≈ ≈≈§§≈. ≈ * , ≈Z§§§≈ ,≈≈ ≈,,≈ ≈ ≈ You could see
3 ice dragons, a seven-headed hydra simulacrum, a five-headed hydra simulacrum,
a four-headed hydra simulacrum and a friendly green death.

Vanquished Creatures
  Saint Roka (Orc:2)
  Jorgrun (Swamp:4)
  Rupert (Lair:4)
  Donald (Orc:2)
  2 thorn hunters
  An azure jelly (Swamp:4)
  A ghoul (Swamp:3)
  A very ugly thing (Swamp:4)
  21 hydras
  9 ghost crabs
  Erolcha (D:9)
  An ogre mage (Orc:2)
  Erica (D:8)
  6 two-headed ogres
  11 alligators
  Urug (Orc:1)
  10 spriggans
  A fire crab (Lair:6)
  4 spriggan druids
  A shambling mangrove (Swamp:3)
  A swamp dragon (Swamp:2)
  3 ugly things (Swamp:1)
  An orc knight (Orc:2)
  Pikel (D:7)
  A necromancer (Lair:3)
  A cyclops (Orc:2)
  5 orc sorcerers (Orc:2)
  Maurice (D:10)
  7 elephants
  3 apocalypse crabs (Swamp:1)
  7 black mambas
  Psyche (D:9)
  22 spiny frogs
  4 freezing wraiths (Swamp:4)
  6 rime drakes
  7 komodo dragons
  5 trolls
  13 tyrant leeches
  Prince Ribbit (D:5)
  A polar bear (Lair:2)
  16 bog bodies
  Grinder (D:3)
  15 hornets
  19 blink frogs
  5 hippogriffs
  A shadow (Swamp:4)
  A vampire (D:10)
  4 basilisks
  33 yaks
  30 vampire mosquitoes
  4 swamp worm simulacra (Swamp:4)
  9 insubstantial wisps
  10 swamp worms
  2 wargs
  6 hydra simulacra (Swamp:4)
  9 water moccasins
  Duvessa (D:6)
  A hornet zombie (D:9)
  22 orc warriors
  4 porcupines
  An ice beast (D:9)
  7 swamp drakes
  A slave (D:7)
  3 black bears
  2 elephant zombies (Lair:3)
  7 sky beasts
  19 wolves
  4 necrophages (Swamp:3)
  8 ogres
  2 phantoms
  13 crocodiles
  4 centaurs
  The ghost of Thaneod the Caller, an amateur GrSu (D:3)
  A big kobold (D:8)
  A gnoll sergeant (D:9)
  A wyvern zombie (D:10)
  21 bullfrogs
  A wyvern skeleton (D:8)
  3 scorpions
  Dowan (D:6)
  3 killer bees (D:7)
  6 wights
  9 electric eels
  6 crimson imps
  3 centaur zombies
  A quasit (D:7)
  9 hounds
  7 jellies
  2 bullfrog zombies
  Crazy Yiuf (D:3)
  A basilisk zombie (Lair:3)
  15 orc priests
  2 bullfrog skeletons
  A gnoll shaman (Orc:1)
  29 orc wizards
  Jessica (D:3)
  13 iguanas
  13 worker ants
  2 crocodile zombies (Lair:3)
  A hound zombie (D:6)
  A hound skeleton (D:10)
  2 worker ant zombies (D:7)
  Robin (D:3)
  13 gnolls
  13 adders
  4 shadow imps
  2 adder zombies
  2 worms
  A dart slug (D:1)
  16 leopard geckos
  87 orcs
  A giant cockroach (D:5)
  8 hobgoblins
  4 jackals (D:2)
  8 kobolds
  9 quokkas
  3 ball pythons
  3 bats
  19 frilled lizards
  22 goblins
  A jackal skeleton (D:4)
  A leopard gecko skeleton (D:4)
  4 rats
  3 fungi (Lair:2)
  4 plants (Lair:6)
818 creatures vanquished.

Vanquished Creatures (collateral kills)
  A hydra (Lair:4)
  An orc high priest (Orc:2)
  2 black mambas (Lair:4)
  A spiny frog (Lair:5)
  A komodo dragon (Lair:5)
  6 blink frogs (Lair:5)
  A hippogriff (Lair:4)
  A yak (Lair:4)
  2 basilisks (Lair:4)
  2 hydra simulacra (Swamp:4)
  6 water moccasins
  5 orc warriors (Orc:2)
  An ogre (Orc:2)
  A wolf (Lair:5)
  A bullfrog (Lair:5)
  An orc priest (Orc:2)
  7 orcs (Orc:2)
  A plant (Lair:4)
41 creatures vanquished.

Vanquished Creatures (others)
  2 spriggan druids (Swamp:1)
  A komodo dragon (Lair:4)
  5 insubstantial wisps (Swamp:3)
  A swamp worm (Swamp:4)
  A swamp drake (Swamp:3)
  A wight (D:7)
  An orc (Orc:2)
  4 briar patches
  A fungus (Lair:2)
  23 plants
40 creatures vanquished.

Grand Total: 899 creatures vanquished

Notes
Turn   | Place    | Note
-------+----------+-------------------------------------------
     0 | D:1      | khargal the Deep Dwarf Fighter began the quest for the Orb.
     0 | D:1      | Reached XP level 1. HP: 20/20 MP: 1/1
   280 | D:1      | Reached XP level 2. HP: 25/27 MP: 2/2
   588 | D:2      | Reached XP level 3. HP: 29/34 MP: 3/3
  1049 | D:3      | Noticed Jessica
  1054 | D:3      | Killed Jessica
  1054 | D:3      | Reached XP level 4. HP: 28/42 MP: 4/4
  1135 | D:3      | Reached skill level 4 in Shields
  1159 | D:3      | Noticed Robin
  1170 | D:3      | Killed Robin
  1180 | D:3      | Reached XP level 5. HP: 23/49 MP: 5/5
  1192 | D:3      | Noticed Grinder
  1205 | D:3      | Paralysed by Grinder for 2 turns
  1211 | D:3      | Killed Grinder
  1211 | D:3      | Reached skill level 5 in Axes
  1211 | D:3      | Reached XP level 6. HP: 31/57 MP: 6/6
  1561 | D:3      | Noticed Thaneod's ghost (amateur GrSu)
  1577 | D:3      | Killed Thaneod's ghost
  1577 | D:3      | Reached XP level 7. HP: 48/63 MP: 7/7
  1692 | D:3      | Found a runed door.
  1958 | D:3      | Noticed Crazy Yiuf
  1968 | D:3      | Killed Crazy Yiuf
  2041 | D:4      | Got a warped long sword
  2042 | D:4      | Identified the +6 long sword of Cowardice {chaos, SInv} (You found it on level 4 of the Dungeon)
  2188 | D:4      | Reached skill level 5 in Shields
  2189 | D:4      | Found an iron altar of Okawaru.
  2300 | D:4      | Reached skill level 1 in Long Blades
  2521 | D:4      | Reached skill level 5 in Armour
  2557 | D:4      | Reached XP level 8. HP: 61/73 MP: 5/5
  2960 | D:5      | Entered Level 5 of the Dungeon
  2975 | D:5      | Noticed Prince Ribbit
  3040 | D:5      | Killed Prince Ribbit
  3076 | D:5      | Found a staircase to the Ecumenical Temple.
  3082 | Temple   | Entered the Ecumenical Temple
  3113 | Temple   | Became a worshipper of Makhleb the Destroyer
  3325 | D:5      | Reached skill level 6 in Shields
  3693 | D:5      | Reached skill level 5 in Fighting
  3738 | D:5      | Found a sparkling altar of Nemelex Xobeh.
  4165 | D:6      | Reached * piety under Makhleb
  4174 | D:6      | Reached skill level 1 in Invocations
  4245 | D:6      | Gained mutation: You are partially covered in slimy green scales. (AC +2) [potion of mutation]
  4245 | D:6      | Gained mutation: Armour fits poorly on your strangely shaped body. [potion of mutation]
  4245 | D:6      | Gained mutation: You are partially covered in icy blue scales. (AC +2) [potion of mutation]
  4309 | D:6      | Noticed Duvessa
  4310 | D:6      | Noticed Dowan
  4322 | D:6      | Killed Dowan
  4322 | D:6      | Gained mutation: You passively map the area around you. [Deep Dwarf growth]
  4322 | D:6      | Reached XP level 9. HP: 75/81 MP: 2/4
  4324 | D:6      | Killed Duvessa
  4795 | D:6      | Found the +10 large shield of Ignorance {rN+ Int-4}
  5061 | D:7      | Reached ** piety under Makhleb
  5061 | D:7      | Reached skill level 7 in Shields
  5106 | D:7      | Noticed Pikel
  5139 | D:7      | Killed Pikel
  5139 | D:7      | Reached skill level 10 in Axes
  5376 | D:7      | Lost mutation: Armour fits poorly on your strangely shaped body. [potion of mutation]
  5376 | D:7      | Lost mutation: You are partially covered in slimy green scales. (AC +2) [potion of mutation]
  5376 | D:7      | Gained mutation: You occasionally shout uncontrollably at your foes. [potion of mutation]
  5376 | D:7      | Gained mutation: Your muscles are strong. (Str +2) [potion of mutation]
  5443 | D:7      | Reached skill level 8 in Shields
  5763 | D:7      | Reached XP level 10. HP: 82/88 MP: 7/7
  5970 | D:8      | Reached skill level 5 in Invocations
  6225 | D:8      | Noticed Erica
  6254 | D:8      | Killed Erica
  6405 | D:8      | Reached *** piety under Makhleb
  6412 | D:8      | Noticed a two-headed ogre
  6423 | D:8      | Killed a two-headed ogre
  6423 | D:8      | Reached skill level 9 in Shields
  7085 | D:9      | Noticed a two-headed ogre
  7095 | D:9      | Killed a two-headed ogre
  7095 | D:9      | Reached skill level 10 in Shields
  7095 | D:9      | Reached XP level 11. HP: 77/94 MP: 7/7
  7280 | D:9      | Noticed Psyche
  7285 | D:9      | Killed Psyche
  7426 | D:9      | Noticed Erolcha
  7435 | D:9      | Killed Erolcha
  7716 | D:10     | Entered Level 10 of the Dungeon
  7800 | D:10     | Reached **** piety under Makhleb
  8038 | D:10     | Found a staircase to the Lair.
  8072 | D:10     | Found a staircase to the Orcish Mines.
  8468 | D:10     | Noticed Maurice
  8619 | D:10     | Killed Maurice
  8639 | Lair:1   | Entered Level 1 of the Lair of Beasts
  8709 | Lair:1   | Reached skill level 11 in Shields
  9196 | Lair:1   | Found a sacrificial altar of Ru.
  9352 | Lair:1   | Reached ***** piety under Makhleb
  9739 | Lair:2   | Reached XP level 12. HP: 99/103 MP: 8/8
  9849 | Lair:2   | Reached skill level 12 in Shields
 10115 | Lair:2   | Reached skill level 10 in Invocations
 10535 | Lair:3   | Noticed a five-headed hydra
 10538 | Lair:3   | Noticed an eight-headed hydra
 10545 | Lair:3   | Killed a one-headed hydra
 10552 | Lair:3   | Killed a three-headed hydra
 10590 | Lair:3   | Found a staircase to the Swamp.
 10733 | Lair:3   | Noticed an eight-headed hydra
 10746 | Lair:3   | Killed a one-headed hydra
 10746 | Lair:3   | Reached skill level 13 in Shields
 10956 | Lair:3   | Noticed a seven-headed hydra
 10964 | Lair:3   | Killed a one-headed hydra
 11114 | Lair:3   | Reached XP level 13. HP: 109/109 MP: 10/10
 11671 | Lair:4   | Found a staircase to the Snake Pit.
 11853 | Lair:4   | Noticed Rupert
 11871 | Lair:4   | HP: 3/109 [Rupert/battleaxe of freezing (13)]
 11912 | Lair:4   | Killed Rupert
 12023 | Lair:4   | Got a smoking chain mail
 12036 | Lair:4   | Identified the +0 chain mail "Vaopisit" {rF+ Regen+ Str-2} (You found it on level 4 of the Lair of Beasts)
 12602 | Lair:5   | Reached skill level 15 in Axes
 12728 | Lair:5   | Reached skill level 14 in Shields
 13179 | Lair:6   | Entered Level 6 of the Lair of Beasts
 13219 | Lair:6   | Found a staircase to the Slime Pits.
 13259 | Lair:6   | Reached ****** piety under Makhleb
 13268 | Lair:6   | Reached skill level 10 in Armour
 13403 | Lair:6   | Gained mutation: You resist negative energy. (rN+) [Deep Dwarf growth]
 13403 | Lair:6   | Reached XP level 14. HP: 117/117 MP: 8/8
 13539 | Lair:6   | Reached skill level 15 in Shields
 13952 | Lair:6   | Lost mutation: You occasionally shout uncontrollably at your foes. [potion of mutation]
 13952 | Lair:6   | Gained mutation: You have a somewhat thin skeletal structure. (Dex +2, Stealth) [potion of mutation]
 13952 | Lair:6   | Gained mutation: Scrolls take you a little longer to read. [potion of mutation]
 13952 | Lair:6   | Gained mutation: You have a pair of small antennae on your head. [potion of mutation]
 14427 | Orc:1    | Entered Level 1 of the Orcish Mines
 14673 | Orc:1    | Found a roughly hewn altar of Beogh.
 14891 | Orc:2    | Entered Level 2 of the Orcish Mines
 14980 | Orc:2    | Found a staircase to the Elven Halls.
 15211 | Orc:2    | Found a roughly hewn altar of Beogh.
 15254 | Orc:2    | Found a roughly hewn altar of Beogh.
 15299 | Orc:2    | Found a roughly hewn altar of Beogh.
 15300 | Orc:2    | Found Ciggaome's Antique Weapon Boutique.
 15337 | Orc:2    | Bought a runed war axe for 208 gold pieces
 15337 | Orc:2    | Bought a glowing war axe for 208 gold pieces
 15578 | Orc:2    | Noticed Donald
 15612 | Orc:2    | Killed Donald
 15700 | Orc:2    | Noticed Saint Roka
 15701 | Orc:2    | Reached skill level 16 in Shields
 15793 | Orc:2    | Killed Saint Roka
 15908 | Orc:2    | Found Douxopuota's Antique Armour Boutique.
 15919 | Orc:2    | Found a roughly hewn altar of Beogh.
 15924 | Orc:2    | Found Vaolitt's Antique Weapon Shop.
 15936 | Orc:2    | Bought a faintly humming ring mail for 315 gold pieces
 15936 | Orc:2    | Bought a brightly glowing ring mail for 315 gold pieces
 15936 | Orc:2    | Bought a runed scarf for 280 gold pieces
 15991 | Orc:2    | Found a roughly hewn altar of Beogh.
 16021 | Orc:2    | Found Deysioch's Assorted Antiques.
 16030 | Orc:2    | Bought a scroll of identify for 70 gold pieces
 16190 | Orc:2    | Found a roughly hewn altar of Beogh.
 16514 | Orc:1    | Found Coet Doj's Gadget Shop.
 16526 | Orc:1    | Noticed Urug
 16540 | Orc:1    | Killed Urug
 16870 | Swamp:1  | Entered Level 1 of the Swamp
 16983 | Swamp:1  | Reached XP level 15. HP: 123/123 MP: 8/8
 17303 | Swamp:1  | Found a runed door.
 17322 | Swamp:1  | Identified the +1 ring mail of Satisfaction {rPois Regen+ SInv} (You bought it in a shop on level 2 of the Orcish Mines)
 17324 | Swamp:1  | Identified the cursed +0 ring mail "Zoimoif" {+Fly rPois rCorr Str+3} (You bought it in a shop on level 2 of the Orcish Mines)
 17594 | Swamp:1  | Got a translucent chain mail
 17626 | Swamp:1  | Identified the cursed +0 chain mail of Lamoc {rElec rPois Int+3} (You found it on level 1 of the Swamp)
 17694 | Swamp:1  | Reached skill level 17 in Shields
 17910 | Swamp:1  | Got a sparkling bronze ring
 17934 | Swamp:1  | Identified the ring of Ydifunk {rPois Stlth-} (You found it on level 1 of the Swamp)
 19054 | Swamp:3  | Reached skill level 15 in Invocations
 19236 | Swamp:3  | Paralysed by a hornet for 2 turns
 19253 | Swamp:3  | Reached skill level 18 in Shields
 19758 | Swamp:3  | Noticed a thorn hunter
 19788 | Swamp:3  | Killed a thorn hunter
 19872 | Swamp:3  | Lost mutation: You are partially covered in icy blue scales. (AC +2) [potion of mutation]
 19872 | Swamp:3  | Lost mutation: Scrolls take you a little longer to read. [potion of mutation]
 19872 | Swamp:3  | Lost mutation: You have a pair of small antennae on your head. [potion of mutation]
 19872 | Swamp:3  | Gained mutation: Your flesh is heat resistant. (rF+) [potion of mutation]
 20224 | Swamp:4  | Entered Level 4 of the Swamp
 20237 | Swamp:4  | Noticed a thorn hunter
 20258 | Swamp:4  | Killed a thorn hunter
 20272 | Swamp:4  | Reached XP level 16. HP: 92/130 MP: 8/8
 20297 | Swamp:4  | Noticed Jorgrun
 20324 | Swamp:4  | Killed Jorgrun
 20804 | Swamp:4  | HP: 2/130 [ice dragon/blast of cold (12)]
 20809 | Swamp:4  | Slain by a seven-headed hydra simulacrum

Vault maps used:
D:1:      lightli_arrival_lavapool
D:3:      kennysheep_the_goblin_king, first_ration, uniq_robin, uniq_jessica,
          uniq_grinder, uniq_crazy_yiuf_cottage
D:4:      okawaru_gym_becter
D:5:      minmay_temple_entry_hall, minivault_19,
          nemelex_xobeh_ov_fountains_minmay, uniq_prince_ribbit1
D:6:      minmay_misc_feat_five, uniq_duvessa
D:7:      uniq_pikel
D:8:      nicolae_lava_and_water, blue_anna_alchemist, uniq_erica
D:9:      uniq_psyche, uniq_erolcha
D:10:     kennysheep_blocky_hall, david_lair_generic, orc_0_dummy, uniq_maurice
Temple:   nicolae_temple_the_god_donut
Lair:1:   lemuel_reptile_caves, basic_altar
Lair:3:   pond_and_an_island_with_a_cottage, minmay_swamp_entry_worms
Lair:4:   beast_lair_carwin_large_3, lemuel_old_faithful, uniq_rupert
Lair:5:   infiniplex_staircase_pool
Lair:6:   minmay_lair_end_frog_pond, minmay_slime_entry_pillars,
          lemuel_fruit_tree
Swamp:1:  gammafunk_mikee_crab_dinner, evilmike_swamp_ruin_rubble_2
Swamp:2:  serial_swamp_ruin, hangedman_swamp_ruin_wall,
          evilmike_swamp_ruin_house_5, evilmike_swamp_ruin_house_6
Swamp:3:  nicolae_swamp_dense_foliage, swamp_pool3, hangedman_swamp_ravenous
Swamp:4:  swamp_icy, uniq_jorgrun
Orc:1:    serial_shops, shop_fountains, basic_altar, uniq_urug
Orc:2:    grunt_orc_community_town_hall, grunt_orc_community_big_house_2,
          grunt_orc_community_big_house_1, grunt_orc_community_house_3,
          grunt_orc_community_house_3, grunt_orc_community_house_2,
          grunt_orc_community_house_1, grunt_orc_community_house_3, basic_altar,
          uniq_donald

Skill      XL: |  1  2  3  4  5  6  7  8  9 10 11 12 13 14 15 |
---------------+----------------------------------------------+-----
Fighting       | 3 4 5 |  5.0
Axes           | 3 4 5 6 8 10 11 13 14 15 16 17 | 17.2
Shields        | 4 5 6 8 10 11 13 14 16 18 | 18.7
Armour         | 4 5 6 7 8 9 10 11 | 11.6
Long Blades    | 2 |  2.6
Invocations    | 1 4 7 9 11 12 14 15 | 15.8

Action                   |  1- 3 |  4- 6 |  7- 9 | 10-12 | 13-15 | 16-18 || total
-------------------------+-------+-------+-------+-------+-------+-------++-------
Melee: War axe           |    96 |   134 |   336 |   869 |  1655 |   195 ||  3285
       Long sword        |       |       |    71 |       |       |       ||    71
Invok: Minor Destruction |       |       |     1 |     3 |       |       ||     4
       Greater Servant o |       |       |       |       |     8 |     2 ||    10
       Major Destruction |       |       |       |       |     3 |     1 ||     4
 Abil: Heal Wounds       |       |     4 |    14 |    13 |    27 |     7 ||    65
  Use: Scroll            |     4 |     1 |    14 |     6 |    22 |       ||    47
       Potion            |       |       |     3 |     2 |     4 |     2 ||    11
 Stab: Paralysed         |       |       |     2 |       |       |       ||     2
       Confused          |       |       |       |     1 |       |       ||     1
       Distracted        |       |       |       |       |     5 |       ||     5
  Eat: Chunk             |       |     3 |    14 |    18 |    20 |     1 ||    56
       Ration            |       |       |       |       |     4 |       ||     4
Armor: Scale mail        |    43 |    61 |    59 |       |       |       ||   163
       Chain mail        |       |       |   114 |       |       |       ||   114
       Plate armour      |       |       |    10 |   313 |   197 |       ||   520
       Crystal plate arm |       |       |       |       |   451 |    78 ||   529
Dodge: Dodged            |    28 |    39 |    84 |    53 |   113 |    13 ||   330
Block: Shield            |    55 |    84 |   153 |       |       |       ||   292
       Large shield      |       |       |   194 |  1002 |  2091 |   288 ||  3575
       Rpst.: Long sword |       |       |     9 |       |       |       ||     9

Table legend:
 A = Spawn XP
 B = Non-spawn XP
 C = Spawn XP percentage of total XP
 D = Spawn monster count
 E = Non-spawn monster count
 F = Spawn count percentage of total count
 G = Total turns spent on level
                    A         B        C        D         E        F      G
               +---------+---------+-------+---------+---------+-------+---------
         Total |       0 |  170737 |   0.0 |       0 |     853 |   0.0 | 20809
               +---------+---------+-------+---------+---------+-------+---------
           D:1 |       0 |      12 |   0.0 |       0 |       8 |   0.0 |   474
           D:2 |       0 |      70 |   0.0 |       0 |      22 |   0.0 |   542
           D:3 |       0 |     797 |   0.0 |       0 |      59 |   0.0 |  1010
           D:4 |       0 |     789 |   0.0 |       0 |      35 |   0.0 |   979
           D:5 |       0 |     818 |   0.0 |       0 |      20 |   0.0 |  1031
           D:6 |       0 |     904 |   0.0 |       0 |      27 |   0.0 |   904
           D:7 |       0 |    2313 |   0.0 |       0 |      40 |   0.0 |   920
           D:8 |       0 |    3066 |   0.0 |       0 |      23 |   0.0 |   764
           D:9 |       0 |    4362 |   0.0 |       0 |      33 |   0.0 |  1005
          D:10 |       0 |    3281 |   0.0 |       0 |      25 |   0.0 |   962
        Lair:1 |       0 |    5261 |   0.0 |       0 |      52 |   0.0 |  1034
        Lair:2 |       0 |    7610 |   0.0 |       0 |      34 |   0.0 |   865
        Lair:3 |       0 |    9192 |   0.0 |       0 |      31 |   0.0 |  1217
        Lair:4 |       0 |    7546 |   0.0 |       0 |      28 |   0.0 |   949
        Lair:5 |       0 |   10069 |   0.0 |       0 |      37 |   0.0 |   633
        Lair:6 |       0 |   19566 |   0.0 |       0 |      66 |   0.0 |  1156
       Swamp:1 |       0 |   21712 |   0.0 |       0 |      53 |   0.0 |  1249
       Swamp:2 |       0 |    8569 |   0.0 |       0 |      26 |   0.0 |   782
       Swamp:3 |       0 |   23539 |   0.0 |       0 |      57 |   0.0 |  1323
       Swamp:4 |       0 |   19646 |   0.0 |       0 |      40 |   0.0 |   585
         Orc:1 |       0 |    2340 |   0.0 |       0 |      29 |   0.0 |   731
         Orc:2 |       0 |   19275 |   0.0 |       0 |     108 |   0.0 |  1607
               +---------+---------+-------+---------+---------+-------+---------
